 Dungeon Crawl Stone Soup version 0.25-a0-523-g9afb2ee040 (webtiles) character file.

Game seed: 478554668221110821, levelgen mode: deterministic

1220 Flugslaktarn the Shield-Bearer (level 8, -4/74 HPs)
             Began as a Deep Dwarf Fighter on Feb 18, 2020.
             Was an Initiate of Makhleb.
             Slain by an orc warrior
             ... wielding a +0 flail
              (15 damage)
             ... on level 6 of the Dungeon.
             The game lasted 00:02:22 (2247 turns).

Flugslaktarn the Shield-Bearer (Deep Dwarf Fighter) Turns: 2247, Time: 00:02:22

Health: -4/74      AC: 13    Str: 23    XL:     8   Next: 23%
Magic:  5/5        EV:  4    Int:  8    God:    Makhleb [......]
Gold:   176        SH: 10    Dex: 12    Spells: 7/7 levels left

rFire    . . .     SeeInvis .   a - +0 war axe
rCold    . . .     Gourm    .   c - +0 kite shield
rNeg     . . .     Faith    +   v - +0 plate armour
rPois    .         Spirit   .   j - +0 helmet
rElec    .         Reflect  .   (no cloak)
rCorr    .         Harm     .   (no gloves)
MR       +....                  (no boots)
Stlth    ..........             k - amulet of faith
HPRegen  0.00/turn              (no ring)
MPRegen  0.09/turn              (no ring)

@: non-regenerating, drained
A: damage resistance, heal wounds, sense surroundings 1, no regeneration
a: Heal Wounds, Renounce Religion


You were on level 6 of the Dungeon.
You worshipped Makhleb.
Makhleb was noncommittal.
You were not hungry.

You visited 2 branches of the dungeon, and saw 7 of its levels.

You collected 264 gold pieces.
You spent 88 gold pieces at shops.

Inventory:

Hand Weapons
 a - a +0 war axe (weapon)
Armour
 b - a +0 scale mail
 c - a +0 kite shield (worn)
 j - a +0 helmet (worn)
   (You took it off Robin on level 3 of the Dungeon)
 v - a +0 plate armour (worn)
   (You found it on level 6 of the Dungeon)
Jewellery
 i - a +4 ring of strength {unknown}
   (You found it on level 5 of the Dungeon)
 k - an amulet of faith (around neck)
   (You found it on level 3 of the Dungeon)
Wands
 m - a wand of iceblast (8)
   (You found it on level 4 of the Dungeon)
 x - a wand of acid (6)
   (You found it on level 6 of the Dungeon)
Scrolls
 l - a scroll of immolation
 o - a scroll of random uselessness {unknown}
 r - a scroll of fog {unknown}
 t - a scroll of teleportation
 w - 2 scrolls of remove curse
 y - a scroll of summoning {unknown}
Potions
 d - a potion of might
 f - a potion of magic
 g - 2 potions of heal wounds
 n - a potion of resistance {unknown}
 p - a potion of cancellation {unknown}
 q - 3 potions of curing
 s - a potion of haste {unknown}
 u - a potion of stabbing {unknown}
 z - a potion of flight {unknown}
Comestibles
 e - 5 rations
 h - a chunk of flesh


   Skills:
 + Level 5.0(4.4) Fighting
 + Level 5.5(4.9) Axes
 + Level 6.1(5.5) Armour
 + Level 6.1(5.5) Shields
 + Level 3.4(2.8) Invocations


You had 7 spell levels left.
You didn't know any spells.
Your spell library was empty.

Dungeon Overview and Level Annotations

Branches:
Dungeon (6/15)             Temple (1/1) D:4

Altars:
Cheibriados
Fedhas
Hepliaklqana
Kikubaaqudgha
Makhleb
Nemelex Xobeh
Ru
Sif Muna
Trog
Uskayaw
Wu Jian
Xom
Yredelemnul
Zin
The Shining One

Shops:
D:4 (   D:5 }   D:6 *

Annotations:
D:4 2 transporters, Wiebster667's ghost, amateur OpFi


Innate Abilities, Weirdness & Mutations

You are resistant to damage.
You can heal yourself by infusing magical energy.
You passively map a small area around you.
You do not regenerate.


Message History

You are too injured to fight recklessly!
You are too injured to fight recklessly!
You are too injured to fight recklessly!
You are too injured to fight recklessly!
You closely miss the orc warrior.
The orc warrior is moderately wounded.
You hit the centaur but do no damage. You hit the wight.
The centaur hits you with a cursed -2 shortbow.
You block the wight's attack.
The orc warrior hits you with a +0 flail!
* * * LOW HITPOINT WARNING * * *
You barely miss the orc warrior.
The orc warrior is moderately wounded.
You hit the centaur but do no damage.
Your plate armour prevents you from hitting the wight.
You block the centaur's attack.
The centaur hits you with a cursed -2 shortbow.
The wight hits you but does no damage.
The orc warrior hits you with a +0 flail!
You die...

#..#.....#.....#......*
#..#.....#$...)#.....,
#..######################
#.......................#
#
#.......................#
#
#.)####################.#
# #..#.....#$....# , #.##
# #..#.....#.zc..# #..###
#..#..#..#o@#..# *+#.....
#..#..#..#(.#).# ,
,#...## #.....#.....#...
, ###..#
#.....#.....#..., * ,
##.. #############**
######## #...,,* #.##..>.
#.... #### ###....##.
#...., ..# #...#####.
#....*#.## #...# #.


You could see an orc warrior, a centaur and a wight.

Vanquished Creatures
  2 phantoms (D:5)
  An ice beast (D:5)
  A sky beast (D:5)
  An ogre (D:6)
  2 bullfrogs (D:6)
  A scorpion (D:6)
  A wight (D:6)
  A howler monkey (D:4)
  3 hounds
  3 orc priests (D:6)
  4 iguanas
  Ijyb (D:5)
  3 worker ants (D:4)
  A howler monkey zombie (D:6)
  A worker ant zombie (D:6)
  Robin (D:3)
  A howler monkey skeleton (D:4)
  5 adders
  2 worms
  A dart slug (D:1)
  2 leopard geckos
  6 orcs
  11 goblins (D:3)
  4 hobgoblins
  4 jackals (D:3)
  2 kobolds (D:3)
  2 quokkas (D:4)
  A ball python (D:3)
  2 frilled lizards
  4 rats
74 creatures vanquished.

Notes
Turn   | Place    | Note
-------+----------+-------------------------------------------
     0 | D:1      | Flugslaktarn the Deep Dwarf Fighter began the quest for the
                  | Orb.
     0 | D:1      | Reached XP level 1. HP: 20/20 MP: 1/1
   152 | D:2      | Reached XP level 2. HP: 27/27 MP: 2/2
   263 | D:3      | Reached XP level 3. HP: 27/34 MP: 3/3
   276 | D:3      | Noticed Robin
   299 | D:3      | Killed Robin
   299 | D:3      | Reached XP level 4. HP: 29/42 MP: 4/4
   475 | D:3      | Found a basalt altar of Yredelemnul.
   504 | D:3      | Found a hazy altar of Hepliaklqana.
   557 | D:4      | Reached XP level 5. HP: 35/49 MP: 5/5
   594 | D:4      | Found Najuag's Antique Weapon Shop.
   625 | D:4      | Identified the +10 spear of Animal Spirits {elec, MR+
                  | Dex+3}
   631 | D:4      | Found a transporter.
   640 | D:4      | Found a basalt altar of Yredelemnul.
   725 | D:4      | Found a shimmering blue altar of Sif Muna.
   730 | D:4      | Reached XP level 6. HP: 48/57 MP: 6/6
   829 | D:4      | Found a glowing golden altar of the Shining One.
   878 | D:4      | Found a transporter.
   895 | D:4      | Noticed Wiebster667's ghost (amateur OpFi)
   947 | D:4      | Found a staircase to the Ecumenical Temple.
  1023 | D:5      | Entered Level 5 of the Dungeon
  1023 | D:5      | Noticed Ijyb
  1034 | D:5      | Paralysed by Ijyb for 6 turns
  1041 | D:5      | Killed Ijyb
  1085 | D:5      | Reached skill level 5 in Armour
  1085 | D:5      | Reached skill level 5 in Shields
  1107 | D:5      | Found Jeos's Gadget Emporium.
  1225 | D:5      | Noticed an ice beast
  1245 | D:5      | Killed an ice beast
  1245 | D:5      | Reached XP level 7. HP: 23/66 MP: 6/6
  1331 | Temple   | Entered the Ecumenical Temple
  1349 | Temple   | Became a worshipper of Makhleb the Destroyer
  1570 | D:5      | Reached skill level 1 in Invocations
  1779 | D:6      | Found Umass's Assorted Antiques.
  1801 | D:6      | Bought 2 sapphire potions for 43 gold pieces
  1801 | D:6      | Bought a grey potion for 21 gold pieces
  1801 | D:6      | Bought a scroll labeled WUWEEC MIOXASA for 24 gold pieces
  1843 | D:6      | Reached skill level 5 in Axes
  1950 | D:6      | Found a hide-covered altar of Uskayaw.
  1961 | D:6      | Reached XP level 8. HP: 48/73 MP: 5/7
  2012 | D:6      | Found a blossoming altar of Fedhas.
  2015 | D:6      | Found a glowing silver altar of Zin.
  2037 | D:6      | Found a sparkling altar of Nemelex Xobeh.
  2085 | D:6      | Found a sacrificial altar of Ru.
  2192 | D:6      | Reached skill level 5 in Fighting
  2247 | D:6      | Slain by an orc warrior

Levels and vault maps discovered:
D:1:      minmay_arrival_stair_chambers, layout_basic
D:2:      layout_basic
D:3:      layout_basic, old_standard_altar, minmay_misc_feat_nine_boxes,
          yredelemnul_altar_generic, uniq_robin
D:4:      layout_rooms, overflow_temple_1_default, lemuel_doored_altar,
          nicolae_tso_carved_into_rock, minmay_temple_entry_from_below_b,
          gammafunk_ghost_gnarly_gnolls, first_ration, serial_shops, shop
D:5:      layout_loops_cross, serial_shops, shop, uniq_ijyb
D:6:      kennysheep_windowed_halls, layout_rooms, overflow_temple_1_default,
          eat_drink_and_be_merry_uskayaw, overflow_temple_1_default,
          nicolae_ru_sacrificial_ziggurat, basic_altar, serial_shops, shop
Temple:   compressed_dpeg_triangle_lava_temple

Skill      XL: |  1  2  3  4  5  6  7  8 |
---------------+-------------------------+-----
Fighting       | 3 4 5 |  5.0
Axes           | 3 4 5 |  5.5
Armour         | 4 5 6 |  6.1
Shields        | 4 5 6 |  6.1
Invocations    | 2 3 |  3.4

Action                   |  1- 3 |  4- 6 |  7- 9 || total
-------------------------+-------+-------+-------++-------
Melee: War axe           |    82 |   169 |   130 ||   381
 Abil: Heal Wounds       |     1 |     6 |     7 ||    14
  Use: Scroll            |       |       |     6 ||     6
  Eat: Chunk             |       |     2 |     3 ||     5
Armor: Scale mail        |    63 |    96 |    19 ||   178
       Plate armour      |       |       |    56 ||    56
Dodge: Dodged            |    51 |    47 |    22 ||   120
Block: Kite shield       |    60 |   101 |    64 ||   225

Table legend:
 A = Non-vault XP
 B = Vault XP
 C = Vault XP percentage of total XP
 D = Non-vault monster count
 E = Vault monster count
 F = Vault count percentage of total count
                 A         B        C        D         E       F
            +---------+---------+-------+---------+---------+-------
      Total |    1611 |     133 |   7.6 |      59 |      15 |  20.3
            +---------+---------+-------+---------+---------+-------
        D:1 |       8 |       0 |   0.0 |       4 |       0 |   0.0
        D:2 |      14 |       0 |   0.0 |       2 |       0 |   0.0
        D:3 |      66 |      35 |  34.7 |      17 |      12 |  41.4
        D:4 |     312 |       0 |   0.0 |      15 |       0 |   0.0
        D:5 |     573 |      36 |   5.9 |       7 |       1 |  12.5
        D:6 |     638 |      62 |   8.9 |      14 |       2 |  12.5
            +---------+---------+-------+---------+---------+-------
